 Dungeon Crawl Stone Soup version 0.27.1-1-g398f81649c (webtiles) character file.

Game seed: 9275787002379138389

305 diana the Ducker (level 6, -1/46 HPs)
             Began as a Djinni Fire Elementalist on Sept 19, 2021.
             Shot with an arrow by a centaur (12 damage)
             ... on level 8 of the Dungeon.
             The game lasted 00:05:35 (4545 turns).

diana the Ducker (Djinni Fire Elementalist)         Turns: 4545, Time: 00:05:36

Health: -1/46      AC:  5    Str:  7    XL:     6   Next: 67%
Gold:   193        EV: 12    Int: 18    God:
                   SH:  0    Dex: 14

rFire    + + +     SeeInvis .   (no weapon)
rCold    x . .     Faith    .   (no shield)
rNeg     . . .     Spirit   .   k - +2 leather armour {rF+}
rPois    ∞         Reflect  .   (no helmet)
rElec    .         Harm     .   (no cloak)
rCorr    .         Rampage  .   (no gloves)
Will     .....                  (boots unavailable)
Stlth    ++........             (no amulet)
HPRegen  0.15/turn              (no ring)
MPRegen  0.00/turn              (no ring)

@: about to teleport, flying
A: sickness immunity, fire resistance 2, cold vulnerability 1, float, innate
caster, hp casting, extra vitality 1
a: no special abilities


You were on level 8 of the Dungeon.
You visited 1 branch of the dungeon, and saw 6 of its levels.

You collected 193 gold pieces.

Inventory:

Armour
 a - a +0 robe
 k - a +2 leather armour of fire resistance (worn)
Jewellery
 g - an amulet of faith
Scrolls
 b - 3 scrolls of identify
 e - a scroll of teleportation
 f - a scroll of amnesia {unknown}
 h - a scroll of enchant weapon {unknown}
 j - a scroll of fog {unknown}
 l - 2 scrolls of fear {unknown}
 o - a scroll of blinking {unknown}
Potions
 c - a potion of flight {unknown}
 d - a potion of lignification {unknown}
 i - a potion of degeneration {unknown}
 m - 2 potions of ambrosia {unknown}
 n - a potion of resistance {unknown}
 p - a potion of attraction {unknown}
 q - a potion of curing {unknown}


   Skills:
 + Level 3.1 Fighting
 + Level 1.8 Armour
 + Level 4.2 Dodging
 - Level 1.5 Stealth
 + Level 3.5 Spellcasting


You couldn't memorise any spells.
You knew the following spells:

 Your Spells              Type           Power      Damage    Failure   Level
a - Foxfire               Conj/Fire      64%        2x1d7     5%          1
b - Conjure Flame         Conj/Fire      16%        6-21      16%         3
c - Inner Flame           Hex/Fire       16%        N/A       16%         3
d - Sticky Flame          Conj/Fire      16%        2d4       45%         4
e - Fireball              Conj/Fire      8%         3d6       82%         5
f - Beastly Appendage     Tmut           32%        N/A       5%          1
g - Static Discharge      Conj/Air       16%        N/A       8%          2
Your spell library was empty.

Dungeon Overview and Level Annotations

Branches:
Dungeon (5/15)
 Temple: D:4-7

Altars:

Shops:
D:4 (

Annotations:
D:8 Harold


Innate Abilities, Weirdness & Mutations

You are immune to sickness and miasma.
You are immune to poison.
Your flesh is very heat resistant. (rF++)
You are vulnerable to cold. (rC-)
You float through the air rather than walking.
You learn spells naturally, not from books.
Your magical power is your life essence.
You have superior vitality. (+4 HP)


Message History

The ogre barely misses you.
Your magical contamination has completely faded away.
You are too injured to fight recklessly!
Casting: Foxfire (safe; 5% risk of failure)
Confirm with . or Enter, or press ? or * to list all spells.
You conjure some foxfire!
The foxfire hits the ogre.
The ogre is heavily wounded.
The foxfire hits the ogre.
The ogre is heavily wounded.
Casting: Foxfire (safe; 5% risk of failure)
Confirm with . or Enter, or press ? or * to list all spells.
You conjure some foxfire!
Found a leather armour.
The foxfire hits the ogre.
The ogre is severely wounded.
The foxfire hits the ogre.
The ogre is almost dead.
Found 7 gold pieces and a glaive.
Found a rapier.
A bullfrog skeleton comes into view.
Found 6 javelins.
You are sucked into a shaft and drop 3 floors!
The shaft crumbles and collapses.
A two-headed ogre and Harold come into view.
Harold is wielding a +0 battleaxe and wearing a +4 scale mail of cold resistance.
Unknown command.
As you read the scroll labelled MOUBATWOSM, it crumbles to dust.
It is a scroll of identify.
e - 2 scrolls of teleportation The two-headed ogre shouts in stereo!
Something unseen opens the door.
A centaur comes into view.
The centaur shouts!
The centaur wields a +0 shortbow.
The centaur shoots an arrow.
The arrow hits you!
* * * LOW HITPOINT WARNING * * *
Unknown command.
Okay, then.
As you read the scroll of teleportation, it crumbles to dust.
You feel strangely unstable.
The centaur shoots an arrow.
The arrow hits you!
You die...

#........# ..
#........# ...
#........###..
##...........###
#............c..
#............#
##............#
+......O.@.#
#.....@....#
.........####
#######.## #.#
#.# #.# #.#


You could see Harold, a two-headed ogre and a centaur.

Vanquished Creatures
  A phantom (D:4)
  A bullfrog (D:4)
  A bullfrog zombie (D:4)
  Jessica (D:2)
  An ufetubus (D:4)
  3 worms
  2 dart slugs
  5 orcs
  4 ball pythons
  10 endoplasms
  2 giant cockroaches
  10 goblins
  3 hobgoblins
  4 jackals (D:4)
  6 quokkas
  6 bats
  2 frilled lizards
  9 kobolds
  7 rats
78 creatures vanquished.

Vanquished Creatures (others)
  377 foxfires
377 creatures vanquished.

Grand Total: 455 creatures vanquished

Notes
Turn   | Place    | Note
-------+----------+-------------------------------------------
     0 | D:1      | diana the Djinni Fire Elementalist began the quest for the
                  | Orb.
     0 | D:1      | Reached XP level 1. HP: 15/15 MP: 0/0
   459 | D:1      | Reached XP level 2. HP: 18/22 MP: 0/0
   519 | D:1      | Found a faded altar of an unknown god.
   828 | D:1      | Reached skill level 1 in Fighting
  1074 | D:1      | Reached XP level 3. HP: 24/27 MP: 0/0
  1074 | D:1      | Learned a level 1 spell: Beastly Appendage
  1521 | D:2      | Noticed Jessica
  1527 | D:2      | Killed Jessica
  1528 | D:2      | Reached skill level 3 in Dodging
  1528 | D:2      | Reached XP level 4. HP: 17/32 MP: 0/0
  3099 | D:3      | Reached XP level 5. HP: 35/38 MP: 0/0
  3099 | D:3      | Learned a level 2 spell: Static Discharge
  3279 | D:4      | Identified the +4 whip "Xaafu" {elec, rElec Will+++ Int-4
                  | Dex-3}
  3565 | D:4      | Noticed a bullfrog
  3572 | D:4      | Killed a bullfrog
  3583 | D:4      | Reached skill level 1 in Armour
  3583 | D:4      | Reached XP level 6. HP: 31/45 MP: 0/0
  3730 | D:4      | Reached skill level 4 in Dodging
  3917 | D:4      | Found Hipuf's Weapon Shop.
  4509 | D:5      | Entered Level 5 of the Dungeon
  4511 | D:5      | Noticed an ogre
  4540 | D:5      | You are sucked into a shaft and drop 3 floors!
  4540 | D:8      | Noticed Harold
  4540 | D:8      | Noticed a two-headed ogre
  4545 | D:8      | Shot with an arrow by a centaur

Illustrated notes

Levels and vault maps discovered:
D:1:      shiori_shiawase, layout_basic, serial_curves, eino_curves_01,
          eino_curves_03, eino_curves_04, ebering_ecumenical_altar_webs,
          minivault_23
D:2:      layout_rooms, uniq_jessica
D:3:      layout_rooms
D:4:      layout_loops_ring, serial_shops, nicolae_square_shop
D:5:      layout_rooms, uniq_eustachio
D:8:      layout_basic, dpeg_oklobed_lair, ebering_ghost_funeral_grove,
          serial_shops, shop_fountains, kennysheep_mini, nicolae_stop_n_shop_2,
          kennysheep_little_box, grunt_ministairs_2, uniq_harold

Skill      XL: |  1  2  3  4  5  6 |
---------------+-------------------+-----
Fighting       | 1 2 3 |  3.1
Dodging        | 3 4 |  4.2
Spellcasting   | 3 |  3.5
Armour         | 1 |  1.8
Stealth        | |  1.5

Action                   |  1- 3 |  4- 6 || total
-------------------------+-------+-------++-------
Melee: Unarmed           |    19 |     9 ||    28
 Cast: Foxfire           |    60 |   165 ||   225
  Use: Scroll            |       |     2 ||     2
Armor: Robe              |     2 |     6 ||     8
       Leather armour    |       |     7 ||     7
Dodge: Dodged            |    14 |    43 ||    57
